 Dungeon Crawl Stone Soup version 0.21.1-1-g345015f (webtiles) character file.

53 inc the Vexing (level 3, -5/14 HPs)
             Began as a Felid Enchanter on Feb 25, 2018.
             Slain by Sigmund
             ... wielding a +0 scythe
              (8 damage)
             ... on level 2 of the Dungeon.
             The game lasted 00:05:27 (2200 turns).

inc the Vexing (Felid Enchanter)                    Turns: 2200, Time: 00:05:28

Health: -5/14      AC:  1    Str:  4    XL:     3   Next: 62%
Magic:  5/7        EV: 18    Int: 17    God:
Gold:   44         SH:  0    Dex: 16    Spells: 3/6 levels left
                                        Lives:  0   Deaths: 0

rFire    . . .     SeeInvis +     - Unarmed
rCold    . . .     Gourm    .   (shield unavailable)
rNeg     . . .     Faith    .   (armour unavailable)
rPois    .         Spirit   .   (helmet unavailable)
rElec    .         Reflect  .   (cloak unavailable)
rCorr    .         Harm     .   (gloves unavailable)
MR       .....                  (boots unavailable)
Stlth    +++.......             (no amulet)
HPRegen  0.04/turn              (no ring)
MPRegen  0.10/turn              (no ring)

@: quick
A: very small, no armour, no weapons or thrown items, stealth, claws 1, fangs 3,
see invisible, carnivore, speed 1, shaggy fur 1, slow metabolism 1, sharp paws
a: no special abilities


You were on level 2 of the Dungeon.
You were not hungry.

You visited 1 branch of the dungeon, and saw 3 of its levels.

You collected 44 gold pieces.

Inventory:

Jewellery
 i - an uncursed amulet of magic regeneration {unknown}
Scrolls
 d - a scroll of amnesia
 e - a scroll of random uselessness {unknown}
 f - a scroll of magic mapping {unknown}
 h - a scroll of remove curse
Potions
 c - a potion of heal wounds {unknown}
 g - a potion of agility {unknown}
Books
 a - a book of Maledictions

   Spells                             Type                      Level
   a - Corona                         Hexes                        1
   b - Ensorcelled Hibernation        Hexes/Ice                    2
   c - Confuse                        Hexes                        3
   d - Tukima's Dance                 Hexes                        3
   e - Dazzling Spray                 Conjuration/Hexes            3
Comestibles
 b - 2 rations


   Skills:
 - Level 2.6 Dodging
 - Level 4.0 Stealth
 + Level 3.6 Unarmed Combat
 - Level 2.0 Spellcasting
 - Level 4.4 Hexes


You had 3 spell levels left.
You knew the following spells:

 Your Spells              Type           Power        Failure   Level  Hunger
a - Corona                Hex            ###....      3%          1    #......
b - Ensorcelled Hibernat  Hex/Ice        #.....       12%         2    ###....


Dungeon Overview and Level Annotations

Branches:
Dungeon (3/15)

Altars:
Kikubaaqudgha

Annotations:
D:2 Natasha, Sigmund


Innate Abilities, Weirdness & Mutations

You cannot wear armour.
You are incapable of wielding weapons or throwing items.
Your paws allow you to move quietly. (Stealth)
You have sharp claws.
You have razor-sharp teeth.
You have supernaturally acute eyesight. (SInv)
You are carnivorous and can eat meat at any time.
You cover ground quickly.
You are covered in fur. (AC +1)
You have a slow metabolism.
Your sharp claws are effective at attacking unaware monsters.


Message History

The helpless kobold fails to defend itself.
You mangle the kobold!!
You kill the kobold!
f - a scroll labeled YFUEME ISURE Sigmund is too close now for your liking.
A rat comes into view.
You pounce on the unaware helpless Sigmund!
You claw Sigmund!
Sigmund is heavily wounded.
Sigmund hits you with a scythe!
Ouch! That really hurt!
* * * LOW HITPOINT WARNING * * *
Casting: Ensorcelled Hibernation
Confirm with . or Enter, or press ? or * to list all spells.
Aiming: Ensorcelled Hibernation
Press: ? - help, Shift-Dir - straight line, f - Sigmund
Aim: Sigmund, wielding a scythe and wearing a glowing robe (heavily wounded, chance to defeat MR: 50%) Sigmund resists with some effort.
Sigmund hits you with a scythe!
Ouch! That really hurt!
You die...

.#......#
.....##....r........s
...........hr.....[.
...>.........!......
..#................
#.#................
#.#................
#####..@....$..........
#.....@................
#...##.###.....#
#...##.# #.##.#
#...##.###.##.##
#...##.#.......#
##.###.#.......#
#)..#.#.......#
###...#.......#
##..........##


You could see Sigmund and a rat (sleeping).

Vanquished Creatures
  An adder (D:2)
  A worm (D:2)
  2 dart slugs
  2 leopard geckos
  A ball python (D:2)
  5 bats
  3 giant cockroaches
  2 goblins
  7 hobgoblins
  4 frilled lizards (D:1)
  3 kobolds (D:2)
  A rat (D:1)
32 creatures vanquished.

Notes
Turn   | Place    | Note
-------+----------+-------------------------------------------
     0 | D:1      | inc the Felid Enchanter began the quest for the Orb.
     0 | D:1      | Reached XP level 1. HP: 7/7 MP: 4/4
   154 | D:1      | Reached XP level 2. HP: 9/11 MP: 6/6
  1236 | D:2      | Noticed Natasha
  1279 | D:2      | Reached XP level 3. HP: 6/14 MP: 5/7
  1671 | D:2      | Found an ancient bone altar of Kikubaaqudgha.
  1689 | D:2      | Learned a level 2 spell: Ensorcelled Hibernation
  2168 | D:2      | Noticed Sigmund
  2200 | D:2      | Slain by Sigmund

Skill      XL: |  1  2 |
---------------+-------+-----
Unarmed Combat | 2 3 |  3.6
Dodging        | |  2.6
Stealth        | |  4.0
Spellcasting   | |  2.0
Hexes          | |  4.4

Action                   || total
-------------------------++-------
Melee: Unarmed           ||   106
       Bite              ||     8
 Cast: Corona            ||     5
       Ensorcelled Hiber ||    11
  Use: Scroll            ||     3
       Potion            ||     1
 Stab: Sleeping          ||    12
  Eat: Chunk             ||     3
Armor: Skin              ||     8
Dodge: Dodged            ||   102
